 Dungeon Crawl Stone Soup version 0.30.1-4-g462c640d31 (webtiles) character file.

Game seed: 17904287838670571916

280 booth the Conjurer (level 6, -6/47 HPs)
             Began as a Demonspawn Reaver on Aug 28, 2023.
             Mangled by an orc wizard
             ... wielding a +0 great sword
              (9 damage)
             ... on level 4 of the Dungeon.
             The game lasted 00:20:07 (3575 turns).

booth the Conjurer (Demonspawn Reaver)              Turns: 3575, Time: 00:20:08

Health: -6/47      AC:  9    Str: 15    XL:     6   Next: 5%
Magic:  10/10      EV: 13    Int: 17    God:
Gold:   236        SH:  0    Dex: 19    Spells: 5/11 levels left

rFire   . . .        a - +0 hand axe
rCold   . . .        (no shield)
rNeg    . . .        b - +1 leather armour
rPois   +            c - +1 helmet {Int+3}
rElec   .            o - +0 cloak
rCorr   .            j - +0 pair of gloves
SInv    .            q - +0 pair of boots
Will    .....        (no amulet)
Stlth   ++           k - ring of poison resistance
HPRegen 0.27/turn    n - +6 ring of dexterity
MPRegen 0.12/turn

%: no passive effects
@: about to teleport
A: claws 1, thin skeletal structure 1
a: no special abilities


You were on level 4 of the Dungeon.
You visited 1 branch of the dungeon, and saw 4 of its levels.

You collected 236 gold pieces.

Inventory:

Hand Weapons
 a - a +0 hand axe (weapon)
 f - a +4 war axe of flaming
 i - a +0 mace
Missiles
 l - 2 boomerangs (quivered)
Armour
 b - a +1 leather armour (worn)
 c - a +1 helmet of intelligence (worn)
 j - a +0 pair of gloves (worn)
 o - a +0 cloak (worn)
 q - a +0 pair of boots (worn)
Jewellery
 k - a ring of poison resistance (left hand)
 n - a +6 ring of dexterity (right hand)
Wands
 m - a wand of flame (22)
Scrolls
 d - a scroll of teleportation
 e - a scroll of amnesia
Potions
 h - a potion of flight


   Skills:
 + Level 3.2 Fighting
 + Level 3.6 Axes
 + Level 3.1 Dodging
 + Level 3.1 Spellcasting
 + Level 4.0 Conjurations


You had 5 spell levels left.
You knew the following spells:

 Your Spells              Type           Power      Damage    Failure   Level
a - Kiss of Death         Conj/Necr      36%        2d8       10%         1
b - Momentum Strike       Conj/Tloc      18%        3d8       14%         2
c - Hailstorm             Conj/Ice       9%         3d4       28%         3

Your spell library contained the following spells:

 Spells                   Type           Power      Damage    Failure   Level


Dungeon Overview and Level Annotations

Branches:
Dungeon (4/15)
 Temple: D:4-7

Altars:


Innate Abilities, Weirdness & Mutations

You have sharp fingernails.
You have a somewhat thin skeletal structure. (Dex +2, Stealth+)


Message History

You hit the orc but do no damage. The orc barely misses you.
The orc closely misses you.
You hit the orc.
The orc is heavily wounded.
The orc misses you.
You hit the orc but do no damage.
The orc is heavily wounded.
The orc misses you.
You hit the orc.
You kill the orc!
You miss something. Something barely misses you.
You barely miss something. Something barely misses you.
You closely miss something. Something hits you but does no damage.
You hit something. Something hits you!
* * * LOW HITPOINT WARNING * * *
You hit something but do no damage. Something hits you but does no damage.
You hear some strange, mumbled words.
A magic dart appears from out of thin air!
The magic dart hits you!
* * * LOW HITPOINT WARNING * * *
Throw: 2 boomerangs
Press: ? - help, Q - select action, (/) - cycle Shift-Dir - straight line, f - orc
Aim: an orc, wielding a +0 great sword (62% to hit)
You throw a boomerang. The boomerang hits the orc.
The orc is heavily wounded.
Something hits you but does no damage.
Throw: 2 boomerangs
Press: ? - help, Q - select action, (/) - cycle Shift-Dir - straight line, f/p - orc
Aim: an orc, wielding a +0 great sword (heavily wounded, 62% to hit)
You throw a boomerang. The boomerang closely misses the orc.
The boomerang barely misses the orc.
The boomerang hits the orc but does no damage.
Something hits you.
* * * LOW HITPOINT WARNING * * *
Okay, then.
As you read the scroll of teleportation, it crumbles to dust.
You feel strangely unstable.
You hear the brisk rusting of a very distant drain.
Something hits you!
You die...

#.# ###.##.# #.#
...J.. #.# .....
#.# #...? #†#
#...# #.# #...#
#.#
#..##(..#######.#
oo...(..ooo{@...#
..####..#########
#..# ....# ######


You could see 3 orcs.

Vanquished Creatures
  Dowan (D:4)
  An orc priest (D:3)
  Jessica (D:2)
  Robin (D:2)
  4 gnolls
  3 adders (D:2)
  A worm (D:2)
  A dart slug (D:3)
  8 orcs
  9 ball pythons
  8 bats
  7 endoplasms
  5 giant cockroaches
  15 goblins
  7 hobgoblins
  8 kobolds
  A quokka (D:3)
  6 frilled lizards
  4 rats
91 creatures vanquished.

Notes
Turn   | Place    | Note
-------+----------+-------------------------------------------
     0 | D:1      | booth the Demonspawn Reaver began the quest for the Orb.
     0 | D:1      | Reached XP level 1. HP: 16/16 MP: 3/3
   157 | D:1      | Gained mutation: You have a somewhat thin skeletal
                  | structure. (Dex +2, Stealth+) [demonic ancestry]
   157 | D:1      | Reached XP level 2. HP: 13/22 MP: 3/5
   520 | D:1      | Reached XP level 3. HP: 23/28 MP: 6/6
  1268 | D:2      | Learned a level 2 spell: Momentum Strike
  1272 | D:2      | Learned a level 3 spell: Hailstorm
  1383 | D:2      | Reached XP level 4. HP: 19/34 MP: 7/7
  1510 | D:2      | Noticed Jessica
  1515 | D:2      | Killed Jessica
  1725 | D:2      | Noticed Robin
  1745 | D:2      | Identified a scroll of acquirement
  1745 | D:2      | Acquired a +4 war axe of flaming
  1750 | D:2      | HP: 1/33 [goblin/+0 dagger[Robin] (5)]
  1763 | D:2      | Killed Robin
  1884 | D:2      | Noticed a golden eye
  1885 | D:2      | Found a faded altar of an unknown god.
  1890 | D:2      | Noticed a floating eye
  1891 | D:2      | Noticed an eye of devastation
  1891 | D:2      | Noticed a great orb of eyes
  2334 | D:3      | Reached XP level 5. HP: 35/35 MP: 9/9
  3187 | D:4      | Noticed Dowan
  3220 | D:4      | Killed Dowan
  3555 | D:4      | Gained mutation: You have sharp fingernails. [demonic
                  | ancestry]
  3555 | D:4      | Reached XP level 6. HP: 47/47 MP: 10/10
  3564 | D:4      | Reached skill level 4 in Conjurations
  3575 | D:4      | Mangled by an orc wizard

Illustrated notes

Levels and vault maps discovered:
D:1:      spicycebolla_green_bress_n_ham_2, layout_basic
D:2:      layout_loops_ring, hellmonk_ecumenical_altar_watching_god,
          minmay_worlds_worst_comb, uniq_robin, uniq_jessica
D:3:      layout_loops_ring
D:4:      layout_loops_ring, gup_sewer_entry_glass, uniq_duvessa

Skill      XL: |  1  2  3  4  5  6 |
---------------+-------------------+-----
Dodging        | 2 3 |  3.1
Axes           | 3 |  3.6
Fighting       | 3 |  3.2
Spellcasting   | 3 |  3.1
Conjurations   | 4 |  4.0

Action                     |  1- 3 |  4- 6 || total
---------------------------+-------+-------++-------
  Melee: Hand axe          |   107 |   191 ||   298
         Punch             |     1 |     2 ||     3
  Throw: Javelin           |       |     9 ||     9
         Dart              |       |     4 ||     4
         Boomerang         |       |     4 ||     4
   Cast: Kiss of Death     |     1 |     2 ||     3
    Use: Scroll            |     5 |     6 ||    11
         Potion            |     1 |     4 ||     5
   Stab: Sleeping          |     2 |     5 ||     7
 Armour: Leather armour    |    24 |    65 ||    89
  Dodge: Dodged            |    59 |   156 ||   215
